 Dungeon Crawl Stone Soup version 0.27-a0-920-gb2bd10914a (webtiles) character file.

Game seed: 4035311419821815012

11 spiderkeys the Sneak (level 2, -1/18 (19) HPs)
             Began as an Octopode Brigand on Apr 9, 2021.
             Slain by a goblin
             ... wielding a +0 club
              (4 damage)
             ... on level 1 of the Dungeon.
             The game lasted 00:00:30 (653 turns).

spiderkeys the Sneak (Octopode Brigand)              Turns: 653, Time: 00:00:31

HP:   -1/18 (19)    AC:  1    Str: 10    XL:     2   Next: 25%
MP:   2/2           EV: 13    Int: 13    God:
Gold: 16            SH:  0    Dex: 13    Spells: 1/1 levels left

rFire    . . .     SeeInvis .   a - +2 dagger
rCold    . . .     Faith    .   (no shield)
rNeg     . . .     Spirit   .   (helmet restricted)
rPois    .         Reflect  .   (no amulet)
rElec    .         Harm     .   (no ring)
rCorr    .         Rampage  .   (no ring)
Will     .....                  (no ring)
Stlth    ++++......             (no ring)
HPRegen  0.06/turn              (no ring)
MPRegen  0.08/turn              (no ring)
                                (no ring)
                                (no ring)

@: drained
A: almost no armour, amphibious, 8 rings, camouflage 1, gelatinous body 1,
(nimble swimmer 1), tentacles
a: no special abilities


You were on level 1 of the Dungeon.
You visited 1 branch of the dungeon, and saw 1 of its levels.

You collected 16 gold pieces.

Inventory:

Hand Weapons
 a - a +2 dagger (weapon)
Missiles
 b - 8 poisoned darts (quivered)
 c - 2 curare-tipped darts
Scrolls
 d - a scroll of brand weapon {unknown}
 e - a scroll of identify {unknown}
Potions
 f - 2 potions of curing {unknown}


   Skills:
 + Level 2.2 Fighting
 + Level 2.2 Short Blades
 - Level 2.0 Throwing
 + Level 1.3 Dodging
 + Level 5.5 Stealth


You had one spell level left.
You didn't know any spells.
Your spell library was empty.

Dungeon Overview and Level Annotations

Branches:
Dungeon (1/15)

Altars:

Shops:
D:1 *


Innate Abilities, Weirdness & Mutations

You cannot wear most types of armour.
You are amphibious.
You can wear up to eight rings at the same time.
Your skin changes colour to match your surroundings (Stealth+).
Your rubbery body absorbs attacks. (AC +1, EV +1)
((You are camouflaged near water. (Stealth+)))
You have tentacles for arms and can constrict up to eight enemies at once.


Message History

You open the door.
There is an open door here.
A ball python comes into view.
A ball python is nearby!
A ball python is nearby!
A goblin comes into view. It is wielding a +2 dagger of draining.
The goblin shouts!
Found a short sword and 10 gold pieces.
Found an escape hatch in the floor.
You barely miss the goblin.
The ball python hisses angrily.
Your grab misses the goblin. You closely miss the goblin.
Your grab misses the goblin. Your squeeze misses the goblin.
The goblin hits you with a +2 dagger of draining.
You feel drained.
You hit the goblin. Your grab misses the goblin.
The goblin is severely wounded.
The goblin hits you with a +2 dagger of draining.
You feel drained. The ball python bites you.
* * * LOW HITPOINT WARNING * * *
The ball python completely misses you.
You are too injured to fight recklessly!
You are too injured to fight recklessly!
You are too injured to fight recklessly!
You are too injured to fight recklessly!
You hit the goblin.
You kill the goblin!
A goblin comes into view. It is wielding a +0 club.
The ball python closely misses you. x2
Press: ? - help, v - describe, . - travel, g - get item Item here: a +2 dagger of draining.
The floor.
You hit the ball python.
You kill the ball python!
The goblin hits you with a +0 club.
* * * LOW HITPOINT WARNING * * *
You closely miss the goblin. You grab the goblin. You constrict the goblin.
The goblin hits you with a +0 club.
You die...

### #.# #.......... #.#
#####.......... # #.#
#...#.......... .
#.###...#...$...... .
#.......#..........
.#####.##....#).........
....)........#)..g......
..#####......#..@#
....##.....###...##..
....)......'..........
...........#####.##...
........########... ...
#.####..##.∩...#.... ..
.......................
...............#.....>
..........###### ....


You could see a goblin.

Vanquished Creatures
  2 ball pythons (D:1)
  An endoplasm (D:1)
  A giant cockroach (D:1)
  2 goblins (D:1)
  2 kobolds (D:1)
  2 rats (D:1)
10 creatures vanquished.

Notes
Turn   | Place    | Note
-------+----------+-------------------------------------------
     0 | D:1      | spiderkeys the Octopode Brigand began the quest for the
                  | Orb.
     0 | D:1      | Reached XP level 1. HP: 14/14 MP: 1/1
   487 | D:1      | Found Woymuut's Assorted Antiques.
   491 | D:1      | Reached XP level 2. HP: 19/19 MP: 2/2
   653 | D:1      | Slain by a goblin

Illustrated notes

Levels and vault maps discovered:
D:1:      dpeg_cavernosity, layout_basic, serial_shops, shop,
          nicolae_shop_behind_doors, minmay_statues_item

Action                   || total
-------------------------++-------
Melee: Dagger            ||    22
       Constrict         ||     5
 Stab: Sleeping          ||     3
Armor: Skin              ||     2
Dodge: Dodged            ||     7

Table legend: (Time is in decaauts)
 A = Elapsed time spent in this place.
 B = Non-inter-level travel time spent in this place.
 C = Inter-level travel time spent in this place.
 D = Time resting spent in this place.
 E = Time spent auto-exploring this place.
 F = Levels seen in this place.
 G = Mean time per level.
                   A        B        C        D        E       F      G
               +--------+--------+--------+--------+--------+-----+--------+
         Total |    650 |    650 |      0 |      0 |    596 |   1 |  650.0 |
       Dungeon |    650 |    650 |      0 |      0 |    596 |   1 |  650.0 |
               +--------+--------+--------+--------+--------+-----+--------+

Top non-repeatable levels by time:
     D:1: 650 daAuts
